 Dungeon Crawl Stone Soup version 0.27.1-3-gb3d3a73c9e (webtiles) character file.

Game seed: 3784017019918352454

74 Urokeeper the Shooter (level 4, -6/26 HPs)
             Began as a Deep Elf Hunter on Oct 13, 2021.
             Killed from afar by Ijyb (8 damage)
             ... with a puff of flame
             ... on level 3 of the Dungeon.
             The game lasted 00:06:26 (2784 turns).

Urokeeper the Shooter (Deep Elf Hunter)             Turns: 2784, Time: 00:06:27

Health: -6/26      AC:  3    Str:  9    XL:     4   Next: 10%
Magic:  6/6        EV: 12    Int: 16    God:
Gold:   115        SH:  0    Dex: 16    Spells: 3/3 levels left

rFire    . . .     SeeInvis .   a - +1 shortbow
rCold    . . .     Faith    .   (shield currently unavailable)
rNeg     . . .     Spirit   .   c - +0 leather armour
rPois    .         Reflect  .   (no helmet)
rElec    .         Harm     .   (no cloak)
rCorr    .         Rampage  .   (no gloves)
Will     .....                  (no boots)
Stlth    ++........             (no amulet)
HPRegen  0.08/turn              (no ring)
MPRegen  0.10/turn              (no ring)

@: no status effects
A: no striking features
a: no special abilities


You were on level 3 of the Dungeon.
You visited 1 branch of the dungeon, and saw 3 of its levels.

You collected 115 gold pieces.

Inventory:

Hand Weapons
 a - a +1 shortbow (weapon)
 b - a +0 short sword
 k - a +2 short sword of venom
 n - a +2 dagger of venom
Missiles
 d - 35 arrows (quivered ammo)
Armour
 c - a +0 leather armour (worn)
Scrolls
 g - a scroll of vulnerability {unknown}
 h - a scroll of noise
 i - a scroll of teleportation {unknown}
 j - a scroll of fear {unknown}
 p - a scroll of immolation {unknown}
 q - a scroll of enchant weapon {unknown}
Potions
 e - a potion of berserk rage {unknown}
 f - a potion of heal wounds {unknown}
 l - a potion of curing {unknown}
 m - a potion of lignification {unknown}
 o - a potion of might {unknown}


   Skills:
 + Level 2.1 Fighting
 + Level 1.3 Short Blades
 + Level 5.8 Bows
 + Level 3.1 Dodging
 + Level 2.5 Stealth


You had 3 spell levels left.
You didn't know any spells.
Your spell library contained the following spells:

 Spells                   Type           Power      Damage    Failure   Level
 Conjure Flame            Conj/Fire      0%         6-21      71%         3
 Ignite Poison            Fire/Tmut/Pois 0%         N/A       71%         3
 Sticky Flame             Conj/Fire      0%         2d3       98%         4


Dungeon Overview and Level Annotations

Branches:
Dungeon (3/15)

Altars:
Okawaru

Annotations:
D:3 Ijyb


Message History

Press: ? - help, Q - select action Shift-Dir - straight line, f/p - Ijyb
Aim: Ijyb, wielding a +0 club, wearing a +3 ring mail of cold resistance and carrying a wand of flame (17) (lightly wounded, 61% to hit)
You shoot an arrow. The arrow closely misses Ijyb.
Ijyb screams, "It's all mine!"
Ijyb zaps a wand.
The puff of flame hits you.
Unknown command.
Fire: 40 arrows
Press: ? - help, Q - select action Shift-Dir - straight line, f/p - Ijyb
Aim: Ijyb, wielding a +0 club, wearing a +3 ring mail of cold resistance and carrying a wand of flame (16) (lightly wounded, 61% to hit)
You shoot an arrow. The arrow hits Ijyb.
Ijyb is lightly wounded.
Ijyb grins evilly.
Ijyb zaps a wand.
The puff of flame misses you. Ijyb barely misses you.
Fire: 39 arrows
Press: ? - help, Q - select action Shift-Dir - straight line, f/p - Ijyb
Aim: Ijyb, wielding a +0 club, wearing a +3 ring mail of cold resistance and carrying a wand of flame (15) (lightly wounded, 61% to hit)
You shoot an arrow. The arrow hits Ijyb.
Ijyb is moderately wounded.
Ijyb zaps a wand.
The puff of flame hits you.
* * * LOW HITPOINT WARNING * * *
Unknown command.
Fire: 38 arrows
Press: ? - help, Q - select action Shift-Dir - straight line, f/p - Ijyb
Aim: Ijyb, wielding a +0 club, wearing a +3 ring mail of cold resistance and carrying a wand of flame (14) (moderately wounded, 61% to hit)
You shoot an arrow. The arrow hits Ijyb but does no damage.
Ijyb is moderately wounded.
Ijyb hits you with a +0 club.
* * * LOW HITPOINT WARNING * * *
Fire: 37 arrows
Press: ? - help, Q - select action Shift-Dir - straight line, f/p - Ijyb
Aim: Ijyb, wielding a +0 club, wearing a +3 ring mail of cold resistance and carrying a wand of flame (14) (moderately wounded, 61% to hit)
You shoot an arrow. The arrow hits Ijyb but does no damage.
Ijyb is moderately wounded.
Ijyb completely misses you.
Fire: 36 arrows
Press: ? - help, Q - select action Shift-Dir - straight line, f/p - Ijyb
Aim: Ijyb, wielding a +0 club, wearing a +3 ring mail of cold resistance and carrying a wand of flame (14) (moderately wounded, 61% to hit)
You shoot an arrow. The arrow closely misses Ijyb.
Ijyb zaps a wand.
The puff of flame hits you!
You die...

..(...... ..(......
.........
###........
#(.........
#..........
#g.........
#@.........
#...###..#. #...#
###### ######...#
.....######........#
.......(...........#
..##...###...##....#
.###.#.#[#.#.###..##
.###...#.#...###..#


You could see Ijyb.

Vanquished Creatures
  An adder (D:2)
  A worm (D:2)
  2 dart slugs
  An orc (D:3)
  5 ball pythons (D:1)
  8 endoplasms
  A giant cockroach (D:1)
  7 goblins
  5 hobgoblins (D:1)
  4 quokkas
  2 bats
  5 frilled lizards
  6 kobolds
  5 rats
53 creatures vanquished.

Notes
Turn   | Place    | Note
-------+----------+-------------------------------------------
     0 | D:1      | Urokeeper the Deep Elf Hunter began the quest for the Orb.
     0 | D:1      | Reached XP level 1. HP: 12/12 MP: 3/3
    95 | D:1      | Reached XP level 2. HP: 17/17 MP: 4/4
   999 | D:1      | Reached skill level 1 in Short Blades
  1015 | D:1      | Reached XP level 3. HP: 21/21 MP: 5/5
  1317 | D:2      | Found an iron altar of Okawaru.
  2345 | D:3      | Reached XP level 4. HP: 10/26 MP: 6/6
  2768 | D:3      | Noticed Ijyb
  2784 | D:3      | Killed from afar by Ijyb

Illustrated notes

Levels and vault maps discovered:
D:1:      minmay_arrival_statue_studded, layout_basic,
          minmay_misc_feat_diagonals, kennysheep_flooded_box,
          minmay_tromino_v4_a
D:2:      layout_basic, basic_altar
D:3:      layout_basic, dilly_ecumenical_altar_fadedgnrine, minmay_starry_boxes,
          uniq_ijyb

Skill      XL: |  1  2  3 |
---------------+----------+-----
Stealth        | 2 |  2.5
Short Blades   | 1 |  1.3
Fighting       | 2 |  2.1
Dodging        | 3 |  3.1
Bows           | |  5.8

Action                   |  1- 3 |  4- 6 || total
-------------------------+-------+-------++-------
Melee: Short sword       |     7 |     6 ||    13
       Dagger            |       |     4 ||     4
 Fire: Shortbow          |   124 |    13 ||   137
  Use: Scroll            |     1 |       ||     1
Armor: Leather armour    |     6 |     2 ||     8
Dodge: Dodged            |    26 |     7 ||    33
